 Dungeon Crawl Stone Soup version 0.23-a0-612-gcb482e9 (webtiles) character file.

145 Mgcat the Chopper (level 5, -7/46 HPs)
             Began as a Hill Orc Gladiator on Dec 21, 2018.
             Was a Follower of the Shining One.
             Mangled by Menkaure (13 damage)
             ... on level 4 of the Dungeon.
             The game lasted 00:05:19 (2319 turns).

Mgcat the Chopper (Hill Orc Gladiator)              Turns: 2319, Time: 00:05:20

Health: -7/46      AC:  7    Str: 17 (18) XL:     5   Next: 27%
Magic:  5/5        EV: 12    Int:  5 (8)  God:    the Shining One [*.....]
Gold:   172        SH:  3    Dex: 11 (12) Spells: 4/4 levels left

rFire    + . .     SeeInvis .   a - +0 war axe
rCold    . . .     Gourm    .   x - +0 buckler
rNeg     . . .     Faith    .   b - +0 leather armour
rPois    .         Spirit   .   c - +0 helmet
rElec    .         Reflect  .   i - +1 cloak
rCorr    .         Harm     .   o - +0 pair of gloves
MR       .....                  (no boots)
Stlth    +.........             (no amulet)
HPRegen  0.15/turn              w - ring of protection from fire {rF+, !d}
MPRegen  0.09/turn              (no ring)

@: glowing
A: no striking features
a: Renounce Religion


You were on level 4 of the Dungeon.
You worshipped the Shining One.
The Shining One was aware of your devotion.
You were not hungry.

You visited 1 branch of the dungeon, and saw 4 of its levels.

You collected 172 gold pieces.

Inventory:

Hand Weapons
 a - a +0 war axe (weapon)
Missiles
 d - 3 throwing nets {=f, !d}
Armour
 b - a +0 leather armour (worn)
 c - a +0 helmet (worn)
 i - a +1 cloak (worn)
   (You found it on level 1 of the Dungeon)
 o - a +0 pair of gloves (worn)
   (You found it on level 2 of the Dungeon)
 x - a +0 buckler (worn)
   (You found it on level 3 of the Dungeon)
Jewellery
 w - a ring of protection from fire (left hand) {rF+, !d}
   (You found it on level 3 of the Dungeon)
Wands
 y - a wand of flame (24)
   (You found it on level 3 of the Dungeon)
Scrolls
 e - a scroll of random uselessness {unknown}
 j - 4 scrolls of teleportation {unknown}
 k - 2 scrolls of amnesia {unknown}
 m - 4 scrolls of remove curse {unknown}
 p - 4 scrolls of immolation {unknown}
 r - 5 scrolls of identify {unknown}
 s - a scroll of enchant armour {unknown}
 t - 2 scrolls of noise {unknown}
Potions
 g - a potion of agility {unknown}
 h - a potion of heal wounds {unknown}
 l - a potion of curing
 n - a potion of brilliance {unknown}
 q - a potion of lignification {unknown}
 v - a potion of degeneration {!q}
 z - a potion of might {unknown}
Comestibles
 f - 9 rations
 u - 5 chunks of flesh {@w0}


   Skills:
 + Level 3.7 Fighting
 + Level 5.2 Axes
 - Level 1.7 Throwing
 + Level 2.3 Armour
 + Level 3.2 Dodging


You had 4 spell levels left.
You didn't know any spells.
Your spell library contained the following spells:

 Spells                   Type           Power        Failure   Level  Hunger
 Animate Skeleton         Necr           N/A          71%         1    ##.....
 Pain                     Necr           #...         71%         1    ##.....
 Regeneration             Chrm/Necr      #.........   97%         3    ####...
 Vampiric Draining        Necr           #.........   97%         3    ####...
 Animate Dead             Necr           N/A          100%        4    #####..


Dungeon Overview and Level Annotations

Branches:
Dungeon (4/15)
 Temple: D:4-7

Altars:
Ashenzari
Fedhas
Uskayaw
The Shining One

Annotations:
D:4 Menkaure


Message History

You see here a hound skeleton. x2
Key pressed, stopping explore.
Key pressed, stopping explore.
HP restored.
Found an escape hatch in the ceiling.
No target in view!
A scorpion comes into view.
You are feeling hungry.
There is an escape hatch in the ceiling here.
A mysterious force pulls you upwards. The hatch slams shut behind you.
Unknown command.
(D) Dungeon
Where to? (Enter - D:4, ? - help)
What level of the Dungeon? (default 1, ? - help) You're already here!
(D) Dungeon
Where to? (Enter - D:3, ? - help)
What level of the Dungeon? (default 1, ? - help) Eating one of 5 chunks of flesh {@w0}.
You eat one of the 5 chunks of flesh {@w0}.
This raw flesh tastes terrible.
There is a stone staircase leading down here.
You climb downwards.
There is a stone staircase leading up here.
An adder comes into view.
The adder hisses angrily.
The adder barely misses you. The adder bites you.
You hit the adder.
The adder is lightly wounded.
The adder barely misses you.
You slash the adder!
You kill the adder!
No target in view!
No target in view!
You butcher the adder corpse.
u - 5 chunks of flesh {@w0} (gained 1)
You see here an adder skeleton. x2
z - a brown potion Marking area around Menkaure as unsafe for travelling.
Menkaure, Prince of Dust comes into view.
Menkaure shouts!
Unknown command.
Unknown command.
Unknown command.
Unknown command.
Okay, then.
Menkaure calls on the powers of darkness!
Your body is wracked with pain!
Unknown command.
Unknown command.
Unknown command.
A skeleton and a howler monkey come into view.
The howler monkey howls!
You hear a bark! x2
Menkaure mumbles some strange words.
Menkaure seems to speed up.
The bullfrog skeleton moves out of view.
Unknown command.
Unknown command.
Unknown command.
Unknown command.
The howler monkey completely misses you.
Menkaure breathes soot at you. Menkaure misses you.
Found a stone staircase leading down.
Unknown command.
Unknown command.
Unknown command.
You hit Menkaure.
Menkaure is moderately damaged.
You hit the howler monkey.
A jackal comes into view.
The howler monkey completely misses you.
Menkaure closely misses you.
The howler monkey hits you but does no damage.
Menkaure points at you and mumbles some strange words.
Pain shoots through your body!
* * * LOW HITPOINT WARNING * * *
Unknown command.
Unknown command.
Unknown command.
Unknown command.
Evoke which item? (* to show all) (? for menu, Esc to quit)
Okay, then.
It was a potion of curing.
You feel better.
A jackal comes into view.
The howler monkey hits you.
Menkaure calls on the powers of darkness!
The howler monkey convulses!
Your body is wracked with pain!
* * * LOW HITPOINT WARNING * * *
The jackal convulses! x2
Unknown command.
Unknown command.
Unknown command.
It was a potion of degeneration.
There was something very wrong with that liquid.
You feel weakened.
You feel dopey.
You feel clumsy. The howler monkey hits you.
* * * LOW HITPOINT WARNING * * *
Menkaure hits you!
You die...

.....# #.#..##.# .....#
#....##.##
.....####.##.##..#
.....##...##.###.# #
.....#..#..#.# #.# .#
........#..#.# #.# ..#.
##....#......###.#
..h..
#....###........#>.....
#...## #.......@hZh....
#...# #.####...M####..
#...# ##.#.(#......
#...# #..#.(#._..[##
#...# #.รท#..#......
#...# #..####.......
#...# ##.............
#...# #.......#####...
##### #..)....#


You could see Menkaure, a howler monkey, 2 dancing weapons, 2 jackals and a
bullfrog skeleton.

Vanquished Creatures
  A hound (D:4)
  A hound skeleton (D:4)
  4 adders
  A worm (D:3)
  4 dart slugs
  2 leopard geckos (D:3)
  A ball python (D:1)
  8 bats
  A giant cockroach (D:3)
  8 goblins
  4 hobgoblins
  3 jackals (D:1)
  7 kobolds
  A quokka (D:2)
  4 frilled lizards (D:1)
  9 rats
59 creatures vanquished.

Notes
Turn   | Place    | Note
-------+----------+-------------------------------------------
     0 | D:1      | Mgcat the Hill Orc Gladiator began the quest for the Orb.
     0 | D:1      | Reached XP level 1. HP: 18/18 MP: 1/1
    21 | D:1      | Reached XP level 2. HP: 17/25 MP: 2/2
    95 | D:1      | Reached skill level 1 in Armour
   228 | D:1      | Reached XP level 3. HP: 29/30 MP: 3/3
   319 | D:1      | Reached skill level 3 in Fighting
   608 | D:2      | Found a faded altar of an unknown god.
  1294 | D:2      | Found a blossoming altar of Fedhas.
  1387 | D:2      | Reached XP level 4. HP: 35/38 MP: 4/4
  1460 | D:2      | Became a worshipper of the Shining One
  1460 | D:2      | Reached * piety under the Shining One
  1724 | D:3      | Reached skill level 3 in Dodging
  1868 | D:3      | Found a shattered altar of Ashenzari.
  1937 | D:3      | Reached skill level 2 in Armour
  2196 | D:4      | Reached skill level 5 in Axes
  2208 | D:4      | Noticed a +0 dagger
  2210 | D:4      | Noticed a +0 dagger
  2220 | D:4      | Found a hide-covered altar of Uskayaw.
  2231 | D:4      | Reached XP level 5. HP: 43/46 MP: 5/5
  2313 | D:4      | Noticed Menkaure
  2317 | D:4      | HP: 10/46 [Menkaure/nerve-wracking pain (13)]
  2319 | D:4      | Mangled by Menkaure

Vault maps used:
D:1:      minmay_arrival_five_plusses, serial_rivers,
          chequers_serial_rivers_micro_c, chequers_serial_rivers_micro_b,
          chequers_serial_rivers_micro_a, chequers_serial_rivers_micro_b,
          minmay_tetromino_t2
D:2:      chequers_ecumenical_altar_island, corexii_item_surrounded_by_moat,
          fedhas_altar_fruit_tree
D:3:      cheibrodos_ashenzari_chains
D:4:      dancing_weapons_uskayaw, first_ration, minmay_checkerbox,
          uniq_menkaure, uniq_robin, uniq_grinder

Skill      XL: |  1  2  3  4 |
---------------+-------------+-----
Armour         | 1 2 |  2.3
Fighting       | 3 |  3.7
Dodging        | 3 |  3.2
Axes           | 5 |  5.2
Throwing       | |  1.7

Action                   |  1- 3 |  4- 6 || total
-------------------------+-------+-------++-------
Melee: War axe           |   111 |    43 ||   154
  Use: Potion            |       |     2 ||     2
  Eat: Chunk             |     1 |     4 ||     5
Armor: Leather armour    |    56 |    16 ||    72
Dodge: Dodged            |    94 |    25 ||   119
Block: Buckler           |       |     6 ||     6

Table legend:
 A = Non-vault XP
 B = Vault XP
 C = Vault XP percentage of total XP
 D = Non-vault monster count
 E = Vault monster count
 F = Vault count percentage of total count
                 A         B        C        D         E       F
            +---------+---------+-------+---------+---------+-------
      Total |     205 |       3 |   1.4 |      57 |       2 |   3.4
            +---------+---------+-------+---------+---------+-------
        D:1 |      43 |       3 |   6.5 |      26 |       2 |   7.1
        D:2 |      42 |       0 |   0.0 |      14 |       0 |   0.0
        D:3 |      42 |       0 |   0.0 |      13 |       0 |   0.0
        D:4 |      78 |       0 |   0.0 |       4 |       0 |   0.0
            +---------+---------+-------+---------+---------+-------

Vault maps used:
D:1:      minmay_arrival_five_plusses, serial_rivers,
          chequers_serial_rivers_micro_c, chequers_serial_rivers_micro_b,
          chequers_serial_rivers_micro_a, chequers_serial_rivers_micro_b,
          minmay_tetromino_t2
D:2:      chequers_ecumenical_altar_island, corexii_item_surrounded_by_moat,
          fedhas_altar_fruit_tree
D:3:      cheibrodos_ashenzari_chains
D:4:      dancing_weapons_uskayaw, first_ration, minmay_checkerbox,
          uniq_menkaure, uniq_robin, uniq_grinder

Table legend:
 A = Turns spent in this place as a percentage of turns spent in the entire game.
 B = Non-inter-level travel turns spent in this place as a percentage of non-inter-level travel turns spent in the entire game.
 C = Inter-level travel turns spent in this place as a percentage of turns spent in this place.
 D = Turns resting spent in this place as a percentage of non-inter-level travel turns spent in this place.
 E = Turns spent auto-exploring this place as a percentage of non-inter-level travel turns spent in this place.
 F = Non-inter-level travel turns spent in this place divided by the number of levels of this place that you've seen.
                   A       B       C       D       E      F
               +-------+-------+-------+-------+-------+----------------------
         Total | 100.0 | 100.0 |   7.2 |   2.9 |  78.4 | 538.2
       Dungeon | 100.0 | 100.0 |   7.2 |   2.9 |  78.4 | 538.2
               +-------+-------+-------+-------+-------+----------------------

Table legend:
 A = Kills in this place as a percentage of kills in entire the game.
 B = Kills by you in this place as a percentage of kills by you in the entire game.
 C = Kills by friends in this place as a percentage of kills by friends in the entire game.
 D = Other kills in this place as a percentage of other kills in the entire game.
 E = Experience gained in this place as a percentage of experience gained in the entire game.
 F = Experience gained in this place divided by the number of levels of this place that you have seen.
                   A       B       C       D       E      F
               +-------+-------+-------+-------+-------+----------------------
         Total | 100.0 | 100.0 |   N/A |   N/A | 100.0 |  52.0
       Dungeon | 100.0 | 100.0 |   N/A |   N/A | 100.0 |  52.0
               +-------+-------+-------+-------+-------+----------------------
